 Dungeon Crawl Stone Soup version 0.31.0-11-ge490571c62 (webtiles) character file.

Game seed: 8278422636898093090

15470 CougarLife the Severer (level 12, -2/107 HPs)
             Began as a Minotaur Berserker on Jan 28, 2024.
             Was an Elder of Trog.
             Killed from afar by a starcursed mass (8 damage)
             ... with an accursed screaming
             ... on level 2 of the Abyss on Jan 29, 2024.
             The game lasted 00:23:37 (9844 turns).

CougarLife the Severer (Minotaur Berserker)         Turns: 9844, Time: 00:23:38

Health: -2/107     AC: 25    Str: 31    XL:     12   Next: 1%
Magic:  11/11      EV:  7    Int:  6    God:    Trog [****..]
Gold:   545        SH:  0    Dex: 10    Spells: 11/11 levels left

rFire   . . .        g - +0 battleaxe
rCold   . . .        (shield currently unavailable)
rNeg    . . .        t - +0 crystal plate armour
rPois   .            (helmet restricted)
rElec   .            M - +0 cloak
rCorr   .            w - +0 pair of gloves
SInv    .            e - +0 pair of boots
Will    ++...        y - amulet of regeneration Stlth
                     m - +4 ring of slaying
HPRegen 2.17/turn    q - +6 ring of strength
MPRegen 0.12/turn

%: no passive effects
@: about to teleport, strong-willed, regenerating, slowed, very slow
A: horns 2, retaliatory headbutt
a: Renounce Religion, Berserk, Trog's Hand, Brothers in Arms


You were on level 2 of the Abyss.
You worshipped Trog.
Trog was greatly pleased with you.
You visited 1 branch of the dungeon, and saw 11 of its levels.
You visited the Abyss 2 times.
You also visited: Bailey.

You collected 545 gold pieces.

Inventory:

Hand Weapons
 g - a +0 battleaxe (weapon)
Missiles
 I - 5 boomerangs (quivered)
Armour
 e - a +0 pair of boots (worn)
 t - a +0 crystal plate armour (worn)
 w - a +0 pair of gloves (worn)
 M - a +0 cloak (worn)
Jewellery
 m - a +4 ring of slaying (left hand)
 p - a ring of protection from fire
 q - a +6 ring of strength (right hand)
 x - a ring of see invisible
 y - an amulet of regeneration (around neck)
Wands
 f - a wand of quicksilver (7)
 s - a wand of flame (29)
 D - a wand of roots (5)
 G - a wand of polymorph (4)
Scrolls
 a - a scroll of noise
 b - a scroll of torment
 d - 2 scrolls of teleportation
 l - a scroll of vulnerability
 o - a scroll of fear
 v - a scroll of silence {unknown}
 z - 2 scrolls of enchant armour
 A - a scroll of poison {unknown}
 C - a scroll of immolation {unknown}
 E - a scroll of fog {unknown}
 F - a scroll of summoning {unknown}
 N - a scroll of revelation {unknown}
Potions
 c - 2 potions of attraction {unknown}
 h - a potion of cancellation {unknown}
 i - 3 potions of mutation {unknown}
 j - 2 potions of berserk rage {unknown}
 k - a potion of enlightenment {unknown}
 r - 4 potions of curing
 u - 3 potions of might {unknown}
 B - 2 potions of heal wounds {unknown}
 H - a potion of invisibility {unknown}
 J - a potion of haste {unknown}
 K - a potion of resistance {unknown}
 L - a potion of magic {unknown}


   Skills:
 - Level 10.5 Fighting
 - Level 17.2 Axes
 + Level 5.3 Throwing
 - Level 10.4 Armour
 - Level 4.2 Dodging


You had 11 spell levels left.
You didn't know any spells.
Your spell library was empty.

Dungeon Overview and Level Annotations

Branches:
Dungeon (11/15)            Temple (0/1) D:7            Lair (0/5) D:8
    Orc (0/2) D:11         Bailey (visited)

Altars:
Dithmenos
Elyvilon
Hepliaklqana
Nemelex Xobeh
Qazlal
Ru
Trog
Vehumet
Yredelemnul
Zin

Annotations:
D:4 2 transporters
D:10 1 runed translucent door
D:11 Sonja


Innate Abilities, Weirdness & Mutations

You have a pair of horns on your head.
You reflexively headbutt those who attack you in melee.


Message History

The sixfirhy hits you but does no damage. x3
You barely miss the sixfirhy. The sixfirhy hits you. The sixfirhy shocks you!
The sixfirhy hits you but does no damage. x2
A starcursed mass splits.
You miss the sixfirhy.
A starcursed mass splits. x2
A deafening chorus of shrieks assaults your mind!
You suddenly lose the ability to move!
You can move again.
The sixfirhy hits you but does no damage.
The sixfirhy hits you! The sixfirhy shocks you!
The sixfirhy hits you but does no damage.
A starcursed mass splits.
The sixfirhy completely misses you. You furiously retaliate!
You headbutt the sixfirhy! The sixfirhy attacks as it pursues you!
The sixfirhy barely misses you. x2
The sixfirhy hits you. The sixfirhy shocks you!
* * * LOW HITPOINT WARNING * * *
The sixfirhy hits you but does no damage.
A starcursed mass splits.
A cacophony of accursed wailing tears at your sanity!
* * * LOW HITPOINT WARNING * * *
You suddenly lose the ability to move!
A starcursed mass splits. x2
You can move again.
As you read the scroll of teleportation, it crumbles to dust.
You feel strangely unstable.
You feel the power of the Abyss delaying your translocation!
You recover from your berserk rage.
The sixfirhy hits you but does no damage.
The sixfirhy closely misses you.
A starcursed mass splits.
The starcursed mass touches you but does no damage.
A cacophony of accursed wailing tears at your sanity!
* * * LOW HITPOINT WARNING * * *
You shrug off the repeated paralysis!
The sixfirhy barely misses you. The sixfirhy barely misses you.
The sixfirhy hits you but does no damage. x3
A cacophony of accursed wailing tears at your sanity!
* * * LOW HITPOINT WARNING * * *
The starcursed mass touches you but does no damage.
A cacophony of accursed wailing tears at your sanity!
You die...

## ..# #.. . ...
.. ###.. ...##.
#....####..#..#
#..#.#......
#.@..#..#...
#.###.##.#... ##
#..X3X#..# ..#
#.#.#XXX..# #.#.
#####....##.... .
#....XXX.#. ...
...
....#.X..#.......
.
..#..X...#.#..#..
. #
#..#..##.#...# #


You could see 8 starcursed masses and a sixfirhy.

Vanquished Creatures
  A tentacled starspawn (Abyss:1)
  Fannar (D:10)
  2 vault guards (Bailey)
  A two-headed ogre (D:10)
  3 death yaks (D:8)
  The ghost of snackwell the Charlatan, a novice GnAr of Trog (D:6)
  A cyclops (D:10)
  4 polar bears (D:8)
  3 trolls
  Grinder (D:4)
  Prince Ribbit (Bailey)
  A hornet (D:9)
  Sigmund (D:3)
  3 wyverns
  3 humans (Bailey)
  2 wraiths
  6 yaks
  An acid dragon (D:8)
  2 water moccasins
  Duvessa (D:6)
  2 ice beasts (D:8)
  3 orc warriors
  A black bear (D:5)
  3 sky beasts
  3 ogres
  3 wolves (D:8)
  2 centaurs
  A phantom (D:6)
  Blork the orc (D:6)
  10 bullfrogs
  A gnoll sergeant (D:5)
  3 scorpions
  24 killer bees
  Dowan (D:6)
  An electric eel (D:8)
  3 howler monkeys
  3 bombardier beetles (D:5)
  2 jellies
  4 hounds
  A gnoll bouda (D:7)
  5 orc priests
  Crazy Yiuf (D:6)
  2 iguanas
  3 sleepcaps
  2 orc wizards (D:3)
  2 hell rats (D:8)
  2 centaur simulacra (D:8)
  A killer bee simulacrum (D:8)
  Robin (D:4)
  5 adders
  9 gnolls
  2 river rats (D:8)
  2 shadow imps
  5 white imps (D:8)
  2 ufetubi (D:7)
  3 dart slugs
  4 ribbon worms
  16 orcs
  6 bats
  13 endoplasms
  4 giant cockroaches
  21 goblins
  11 hobgoblins
  4 jackals (D:3)
  3 quokkas
  A ball python (D:1)
  4 frilled lizards
  A jackal zombie (D:10)
  3 kobolds
  A kobold skeleton (D:10)
  3 rats
253 creatures vanquished.

Vanquished Creatures (others)
  2 quokkas (D:8)
  2 starspawn tentacles (Abyss:1)
4 creatures vanquished.

Grand Total: 257 creatures vanquished

Notes
Turn   | Place    | Note
-------+----------+-------------------------------------------
     0 | D:1      | CougarLife the Minotaur Berserker began the quest for the
                  | Orb.
     0 | D:1      | Reached XP level 1. HP: 19/19 MP: 0/0
   153 | D:1      | Reached XP level 2. HP: 26/26 MP: 1/1
   881 | D:1      | Reached skill level 4 in Axes
   881 | D:1      | Reached XP level 3. HP: 31/33 MP: 2/2
  1661 | D:3      | Reached XP level 4. HP: 33/41 MP: 3/3
  1849 | D:3      | Reached skill level 5 in Axes
  1878 | D:3      | Reached ** piety under Trog
  2180 | D:3      | Noticed Sigmund
  2191 | D:3      | Killed Sigmund
  2192 | D:3      | Reached skill level 5 in Fighting
  2192 | D:3      | Reached skill level 6 in Axes
  2192 | D:3      | Reached XP level 5. HP: 38/48 MP: 4/4
  2242 | D:3      | Reached XP level 6. HP: 56/56 MP: 5/5
  2649 | D:4      | Found a stormy altar of Qazlal.
  2765 | D:4      | Noticed Grinder
  2776 | D:4      | Killed Grinder
  2777 | D:4      | Reached skill level 7 in Axes
  2823 | D:4      | Reached XP level 7. HP: 63/63 MP: 6/6
  2838 | D:4      | Identified the +5 quarterstaff of Geheh {freeze, Fly rC-
                  | Will+}
  2852 | D:4      | Found a transporter.
  2943 | D:4      | Noticed Robin
  2946 | D:4      | Reached skill level 8 in Axes
  2959 | D:4      | Killed Robin
  3068 | D:4      | Found a bloodstained altar of Trog.
  3170 | D:4      | Found a transporter.
  3504 | D:5      | Entered Level 5 of the Dungeon
  3504 | D:5      | Found a sparkling altar of Nemelex Xobeh.
  3509 | D:5      | Reached *** piety under Trog
  3590 | D:5      | Reached skill level 9 in Axes
  3641 | D:5      | Found a radiant altar of Vehumet.
  3646 | D:5      | Reached XP level 8. HP: 73/73 MP: 7/7
  3862 | D:5      | Reached skill level 5 in Armour
  4672 | D:6      | Found a runed translucent door.
  4673 | D:6      | Found a glowing silver altar of Zin.
  4673 | D:6      | Noticed snackwell's ghost (novice GnAr)
  4920 | D:6      | Noticed Duvessa
  4924 | D:6      | Noticed Dowan
  4930 | D:6      | Killed Duvessa
  4931 | D:6      | Reached skill level 10 in Axes
  4931 | D:6      | Reached XP level 9. HP: 79/79 MP: 8/8
  4935 | D:6      | Killed Dowan
  5060 | D:6      | Found a shadowy altar of Dithmenos.
  5256 | D:6      | Noticed Blork the orc
  5260 | Abyss:1  | Cast into level 1 of the Abyss (Blork the orc)
  5314 | Abyss:1  | Found a runed translucent door.
  5405 | Abyss:1  | Noticed a tentacled starspawn
  5420 | Abyss:1  | Killed a tentacled starspawn
  5421 | Abyss:1  | Reached skill level 13 in Axes
  5423 | D:6      | Escaped the Abyss
  5432 | D:6      | Killed Blork the orc
  5666 | D:6      | Found a runed translucent door.
  5667 | D:6      | Noticed Crazy Yiuf
  5748 | D:6      | Killed snackwell's ghost
  5749 | D:6      | Reached XP level 10. HP: 86/86 MP: 9/9
  5918 | D:6      | Killed Crazy Yiuf
  6116 | D:7      | Reached skill level 14 in Axes
  6131 | D:7      | Found a staircase to the Ecumenical Temple.
  6526 | D:7      | Found a hazy altar of Hepliaklqana.
  6592 | D:7      | Found a sacrificial altar of Ru.
  7175 | D:8      | Reached skill level 15 in Axes
  7242 | D:8      | Noticed a death yak
  7255 | D:8      | Killed a death yak
  7258 | D:8      | Noticed a death yak
  7258 | D:8      | Noticed a death yak
  7271 | D:8      | Killed a death yak
  7368 | D:8      | Found a white marble altar of Elyvilon.
  7399 | D:8      | Reached skill level 10 in Armour
  7430 | D:8      | Reached **** piety under Trog
  7474 | D:8      | Found a staircase to the Lair.
  7490 | D:8      | Found a flagged portal.
  7517 | Bailey   | Entered a bailey
  7526 | Bailey   | Reached XP level 11. HP: 95/95 MP: 10/10
  7668 | Bailey   | Noticed a vault guard
  7668 | Bailey   | Noticed Prince Ribbit
  7679 | Bailey   | Killed a vault guard
  7681 | Bailey   | Killed Prince Ribbit
  7748 | Bailey   | Noticed a vault guard
  7758 | Bailey   | Killed a vault guard
  7759 | Bailey   | Reached skill level 16 in Axes
  8056 | D:8      | Killed a death yak
  8320 | D:8      | Reached skill level 10 in Fighting
  8803 | D:9      | Reached skill level 17 in Axes
  9139 | D:10     | Entered Level 10 of the Dungeon
  9139 | D:10     | Found a runed translucent door.
  9147 | D:10     | Found a basalt altar of Yredelemnul.
  9231 | D:10     | Noticed a two-headed ogre
  9238 | D:10     | Killed a two-headed ogre
  9590 | D:10     | Noticed Fannar
  9602 | D:10     | Killed Fannar
  9603 | D:10     | Reached skill level 5 in Throwing
  9603 | D:10     | Reached XP level 12. HP: 100/107 MP: 11/11
  9753 | D:11     | Found a staircase to the Orcish Mines.
  9813 | D:11     | Noticed Sonja
  9822 | Abyss:2  | Cast into level 2 of the Abyss (Sonja)
  9833 | Abyss:2  | Noticed a starcursed mass
  9838 | Abyss:2  | Paralysed by accursed screaming for 1 turns
  9840 | Abyss:2  | Paralysed by accursed screaming for 2 turns
  9843 | Abyss:2  | HP: 2/107 [starcursed mass/accursed screaming (11)]
  9844 | Abyss:2  | Killed from afar by a starcursed mass

Illustrated notes

Levels and vault maps discovered:
D:1:      dpeg_arrival_shelter, layout_loops_corners, minmay_octomino_j4
D:2:      layout_basic, minmay_misc_feat_rows
D:3:      layout_basic, uniq_sigmund
D:4:      gammafunk_steamed_eel, layout_basic, lemuel_doored_altar,
          grunt_qazlal_sundering, uniq_grinder, uniq_robin
D:5:      layout_basic, mainiacjoe_overflow_concentric_impassable,
          vehumet_altar_wand_db, minmay_starry_boxes
D:6:      layout_gridville, chequers_temple_overflow_statue_of_worship,
          ebering_ghost_reflecting_pool, uniq_crazy_yiuf_cottage,
          uniq_blork_the_orc, uniq_duvessa
D:7:      layout_basic, overflow_temple_1_default,
          lemuel_coloured_pillars_altar, minmay_temple_entry_crystal_x
D:8:      layout_basic, elyvilon_altar_3, dpeg_lair_monsters, serial_ice,
          serial_ice_g, serial_ice_i, serial_ice_f, serial_ice_b, serial_ice_h,
          serial_ice_m, serial_ice_c, enter_bailey_5, grunt_decor_one_mirror
D:9:      layout_long_grid
D:10:     layout_roguey, dk_yredelemnul_ordeal, uniq_fannar
D:11:     gammafunk_worm_tunnel, layout_long_grid,
          hangedman_decor_clover_reticule, uniq_sonja, uniq_lodul
Abyss:2:  base:
Temple

Skill      XL: |  1  2  3  4  5  6  7  8  9 10 11 |
---------------+----------------------------------+-----
Armour         | 3 8 10 | 10.4
Dodging        | 3 4 |  4.2
Axes           | 4 6 7 9 10 13 15 17 | 17.2
Fighting       | 4 5 6 7 8 10 | 10.5
Throwing       | 5 |  5.3

Action                     |  1- 3 |  4- 6 |  7- 9 | 10-12 || total
---------------------------+-------+-------+-------+-------++-------
  Melee: Hand axe          |    63 |    47 |   210 |     4 ||   324
         Headbutt          |    10 |     6 |    50 |    59 ||   125
         Punch             |       |     1 |     2 |       ||     3
         Battleaxe         |       |       |       |   314 ||   314
  Throw: Boomerang         |       |       |       |     2 ||     2
 Invoke: Berserk           |     1 |     2 |     4 |     6 ||    13
         Trog's Hand       |       |       |     2 |     2 ||     4
  Evoke: Wand              |       |       |     1 |     1 ||     2
    Use: Scroll            |       |       |     2 |    11 ||    13
         Potion            |       |       |       |     1 ||     1
   Stab: Sleeping          |     3 |       |       |       ||     3
 Armour: Animal skin       |    12 |       |       |       ||    12
         Scale mail        |    30 |    32 |    32 |       ||    94
         Crystal plate arm |       |       |   129 |   388 ||   517
  Dodge: Dodged            |    37 |    21 |    48 |   110 ||   216
